 Dungeon Crawl Stone Soup version 0.22.0-49-gab54619674 (webtiles) character file.

2438 Peloso the Carver (level 9, -36/78 HPs)
             Began as a Minotaur Fighter on Sept 5, 2018.
             Was a Believer of Okawaru.
             Annihilated by a very large slime creature (47 damage)
             ... on level 8 of the Dungeon.
             The game lasted 00:16:53 (6389 turns).

Peloso the Carver (Minotaur Fighter)                Turns: 6389, Time: 00:16:53

Health: -36/78     AC: 15    Str: 22    XL:     9   Next: 25%
Magic:  8/8        EV:  8    Int:  2    God:    Okawaru [**....]
Gold:   459        SH: 11    Dex: 12    Spells: 8/8 levels left

rFire    + . .     SeeInvis .   a - +1 long sword
rCold    . . .     Gourm    .   c - +0 shield
rNeg     . . .     Faith    .   b - +2 chain mail {MR+}
rPois    .         Spirit   .   (helmet restricted)
rElec    .         Reflect  .   G - +2 cloak {MR+}
rCorr    .         Harm     .   (no gloves)
MR       ++...                  (no boots)
Stlth    ..........             (no amulet)
HPRegen  0.23/turn              D - ring of protection from fire
MPRegen  0.11/turn              J - -3 ring of intelligence (curse)

@: no status effects
A: retaliatory headbutt, horns 2
a: Heroism, Renounce Religion


You were on level 8 of the Dungeon.
You worshipped Okawaru.
Okawaru was pleased with you.
You were hungry.

You visited 2 branches of the dungeon, and saw 9 of its levels.
You also visited: Ossuary.

You collected 459 gold pieces.

Inventory:

Hand Weapons
 a - a +1 long sword (weapon)
Armour
 b - a +2 chain mail of magic resistance (worn)
 c - a +0 shield (worn)
 G - a +2 cloak of magic resistance (worn)
Jewellery
 D - a ring of protection from fire (left hand)
 J - a cursed -3 ring of intelligence (right hand)
Wands
 o - a wand of flame (29)
 x - a wand of polymorph (27)
 I - a wand of acid (7)
Scrolls
 g - 5 scrolls of remove curse
 h - 2 scrolls of enchant armour
 u - a scroll of blinking
 w - a scroll of teleportation
 y - a scroll of noise
Potions
 d - 2 potions of might
 j - 5 potions of flight
 k - 2 potions of cancellation
 l - 4 potions of mutation
 m - a potion of heal wounds
 p - 3 potions of berserk rage
 r - 2 potions of invisibility
 s - 3 potions of magic
 z - 4 potions of degeneration {unknown}
 A - 2 potions of agility {unknown}
 B - a potion of lignification {unknown}
 F - 3 potions of curing {unknown}
 H - a potion of brilliance {unknown}
 K - a potion of ambrosia {unknown}
Comestibles
 f - 9 rations


   Skills:
 + Level 6.7 Fighting
 + Level 9.5 Long Blades
 + Level 6.9 Armour
 + Level 3.1 Dodging
 + Level 0.9 Stealth
 + Level 8.0 Shields
 + Level 1.1 Evocations


You had 8 spell levels left.
You didn't know any spells.
Your spell library contained the following spells:

 Spells                   Type           Power        Failure   Level  Hunger
 Confusing Touch          Hex            #.....       100%        1    ##.....
 Confuse                  Hex            #.......     100%        3    ####...
 Gell's Gravitas          Tloc           #.........   100%        3    ####...
 Petrify                  Tmut/Erth      #.......     100%        4    #####..
 Metabolic Englaciation   Hex/Ice        #.........   100%        5    ######.
 Yara's Violent Unravell  Hex/Tmut       #.........   100%        5    ######.


Dungeon Overview and Level Annotations

Branches:
Dungeon (8/15)             Temple (1/1) D:4
   Lair: D:8-11

Altars:
Ashenzari
Cheibriados
Dithmenos
Elyvilon
Fedhas
Gozag
Hepliaklqana
Kikubaaqudgha
Makhleb
Okawaru
Xom
Zin
The Shining One


Innate Abilities, Weirdness & Mutations

You reflexively headbutt those who attack you in melee.
You have a pair of horns on your head.


Message History

You hit the slime creature.
The slime creature is heavily wounded.
The very large slime creature closely misses you.
You riposte.
You hit the very large slime creature.
You headbutt the very large slime creature, but do no damage.
The very large slime creature is lightly wounded.
The slime creature hits you but does no damage.
Unknown command.
Your chain mail prevents you from hitting the slime creature.
You headbutt the slime creature!
The slime creature is severely wounded.
You block the very large slime creature's attack.
The slime creature hits you!
* * * LOW HITPOINT WARNING * * *
Unknown command.
You hit the slime creature.
The slime creature is severely wounded.
The very large slime creature hits you!!!
Ouch! That really hurt!
You die...

#.# #.#
#.# #.#
#># #.#
#J####...
#@J......
######...


You could see a very large slime creature and a slime creature.

Vanquished Creatures
  Grinder (D:6)
  A slime creature (D:7)
  Sigmund (D:2)
  Eustachio (D:4)
  An ice beast (D:5)
  An orc warrior (D:6)
  A sky beast (D:7)
  2 ogres
  2 phantoms (D:5)
  2 centaurs
  A big kobold (D:7)
  2 water moccasin zombies (Ossuary)
  A scorpion (D:5)
  A howler monkey (D:6)
  3 crimson imps
  Crazy Yiuf (D:5)
  A hound (D:4)
  2 orc priests
  An orc wizard (D:6)
  A bullfrog skeleton (D:6)
  A centaur skeleton (D:4)
  2 worker ants
  Terence (D:2)
  5 big kobold zombies (Ossuary)
  3 mummies
  A howler monkey skeleton (D:7)
  3 adders
  2 oozes
  3 adder zombies (Ossuary)
  4 adder skeletons
  A worm (D:2)
  A dart slug (D:2)
  5 leopard geckos
  20 orcs
  11 bats
  6 giant cockroaches
  3 goblins (D:1)
  9 hobgoblins
  7 jackals
  A quokka (D:3)
  A ball python (D:6)
  2 frilled lizards
  3 gnoll zombies (Ossuary)
  3 hobgoblin zombies (Ossuary)
  10 kobolds
  8 kobold zombies (Ossuary)
  5 orc zombies (Ossuary)
  3 quokka skeletons
  A quokka zombie (D:5)
  5 rats
157 creatures vanquished.

Notes
Turn   | Place    | Note
-------+----------+-------------------------------------------
     0 | D:1      | Peloso the Minotaur Fighter began the quest for the Orb.
     0 | D:1      | Reached XP level 1. HP: 19/19 MP: 0/0
   131 | D:1      | Reached XP level 2. HP: 27/27 MP: 1/1
   558 | D:1      | Reached XP level 3. HP: 33/33 MP: 2/2
  1014 | D:2      | Noticed Terence
  1024 | D:2      | Killed Terence
  1024 | D:2      | Reached skill level 3 in Long Blades
  1422 | D:2      | Reached XP level 4. HP: 40/40 MP: 3/3
  1425 | D:2      | Noticed Sigmund
  1435 | D:2      | Killed Sigmund
  1435 | D:2      | Reached skill level 4 in Long Blades
  1435 | D:2      | Reached skill level 1 in Dodging
  1435 | D:2      | Reached skill level 5 in Shields
  1435 | D:2      | Reached XP level 5. HP: 33/47 MP: 4/4
  1909 | D:3      | Reached XP level 6. HP: 40/53 MP: 5/5
  1960 | D:3      | Found a blossoming altar of Fedhas.
  1967 | D:3      | Found an opulent altar of Gozag.
  1967 | D:3      | Found a burning altar of Makhleb.
  2344 | D:3      | Found a burning altar of Makhleb.
  2346 | D:3      | Noticed a cacodemon
  2367 | D:4      | Found a sand-covered staircase.
  2376 | Ossuary  | Entered an ossuary
  2424 | Ossuary  | Reached skill level 5 in Long Blades
  2430 | Ossuary  | Reached skill level 5 in Armour
  2466 | Ossuary  | Reached skill level 5 in Fighting
  2521 | Ossuary  | Reached XP level 7. HP: 44/61 MP: 6/6
  2885 | D:4      | Found a staircase to the Ecumenical Temple.
  2912 | Temple   | Entered the Ecumenical Temple
  2969 | Temple   | Became a worshipper of Warmaster Okawaru
  3357 | D:4      | Noticed Eustachio
  3399 | D:4      | Killed Eustachio
  3399 | D:4      | Reached skill level 6 in Long Blades
  3774 | D:5      | Entered Level 5 of the Dungeon
  4018 | D:5      | Reached XP level 8. HP: 61/70 MP: 7/7
  4130 | D:5      | Reached skill level 7 in Long Blades
  4244 | D:5      | Found a snail-covered altar of Cheibriados.
  4459 | D:5      | Reached * piety under Okawaru
  4478 | D:5      | Found a runed door.
  4736 | D:5      | Noticed Crazy Yiuf
  4744 | D:5      | Killed Crazy Yiuf
  4918 | D:6      | Reached skill level 1 in Evocations
  5115 | D:6      | Reached skill level 8 in Long Blades
  5173 | D:6      | Noticed Grinder
  5187 | D:6      | Killed Grinder
  5612 | D:6      | HP: 2/71 [ogre/giant spiked club (7)]
  5944 | D:6      | Reached skill level 9 in Long Blades
  6068 | D:7      | Reached XP level 9. HP: 78/78 MP: 8/8
  6097 | D:7      | Reached ** piety under Okawaru
  6389 | D:8      | Annihilated by a very large slime creature

Skill      XL: |  1  2  3  4  5  6  7  8  9 |
---------------+----------------------------+-----
Shields        | 4 5 6 7 8 |  8.0
Armour         | 4 5 6 |  6.9
Fighting       | 4 5 6 |  6.7
Long Blades    | 3 4 5 6 9 |  9.5
Dodging        | 1 2 3 |  3.1
Evocations     | 1 |  1.1
Stealth        | |  0.9

Action                   |  1- 3 |  4- 6 |  7- 9 || total
-------------------------+-------+-------+-------++-------
Melee: Long sword        |    81 |   160 |   302 ||   543
       Headbutt          |    10 |    42 |    66 ||   118
Evoke: Wand              |       |       |     4 ||     4
  Use: Potion            |       |     1 |       ||     1
       Scroll            |       |       |    20 ||    20
  Eat: Chunk             |     1 |     3 |     7 ||    11
       Ration            |       |       |     2 ||     2
Armor: Scale mail        |    32 |       |       ||    32
       Chain mail        |       |    69 |   142 ||   211
Dodge: Dodged            |    29 |    34 |    77 ||   140
Block: Shield            |    54 |    73 |   165 ||   292
       Rpst.: Long sword |     6 |    14 |    28 ||    48
